 Dungeon Crawl Stone Soup version 0.19-a0-459-gb8ed64d (webtiles) character file.

67 mistymad the Sneak (level 3, 0/26 HPs)
             Began as a Vampire Enchanter on June 2, 2016.
             Slain by Crazy Yiuf
             ... wielding a +4 quarterstaff of chaos
              (2 damage)
             ... on level 2 of the Dungeon.
             The game lasted 00:05:46 (1962 turns).

mistymad the Sneak (Vampire Enchanter)              Turns: 1962, Time: 00:05:47

Health: 0/26       AC:  7    Str:  7    XL:     3   Next: 98%
Magic:  2/6        EV: 13    Int: 17    God:
Gold:   241        SH:  0    Dex: 15    Spells: 2 memorised, 3 levels left

rFire  . . .     SeeInvis +     a - +1 dagger
rCold  + . .     Gourm    .     b - +1 robe
rNeg   + + .     Faith    .     (no shield)
rPois  +         Spirit   .     m - +0 helmet
rElec  .         Dismiss  .     (no cloak)
rCorr  .         Reflect  .     p - +2 pair of gloves
SustAt .         Harm     .     (no boots)
MR     .....                    (no amulet)
Stlth  +++.......               (no ring)
                                (no ring)

@: regenerating slowly, not resistant to hostile enchantments, fairly stealthy
A: fangs 3, see invisible, unbreathing
a: Bat Form


You were on level 2 of the Dungeon.
You were thirsty.

You visited 1 branch of the dungeon, and saw 2 of its levels.

You collected 241 gold pieces.

Inventory:

Hand Weapons
 a - a +1 dagger (weapon)
Armour
 b - a +1 robe (worn)
 m - a +0 helmet (worn)
 p - a +2 pair of gloves (worn)
Scrolls
 e - 2 scrolls of remove curse {unknown}
 f - 3 scrolls of identify {unknown}
 g - a scroll of blinking {unknown}
 h - 2 scrolls of magic mapping {unknown}
 i - a scroll of teleportation {unknown}
 k - a scroll of enchant weapon {unknown}
 l - a scroll of immolation {unknown}
 n - a scroll of recharging {unknown}
 o - a scroll of random uselessness {unknown}
 q - a scroll of enchant armour {unknown}
Potions
 d - 10 potions of blood
 j - a potion of curing {unknown}
Books
 c - a book of Maledictions

   Spells                             Type                      Level
   a - Corona                         Hexes                        1
   b - Ensorcelled Hibernation        Hexes/Ice                    2
   c - Confuse                        Hexes                        3
   d - Tukima's Dance                 Hexes                        3
   e - Dazzling Spray                 Conjuration/Hexes            3


   Skills:
 + Level 1.0 Fighting
 + Level 2.1 Short Blades
 + Level 2.5 Dodging
 + Level 5.3 Stealth
 + Level 2.3 Spellcasting
 + Level 4.7 Hexes


You had 3 spell levels left.
You knew the following spells:

 Your Spells              Type           Power        Failure   Level  Hunger
a - Corona                Hex            ###....      2%          1    #......
b - Ensorcelled Hibernat  Hex/Ice        ##....       14%         2    ##.....


Dungeon Overview and Level Annotations

Branches:
Dungeon (2/15)

Altars:
Okawaru
Uskayaw

Annotations:
D:2 Crazy Yiuf


Innate Abilities, Weirdness & Mutations

You heal slowly.
You have razor-sharp teeth.
You have supernaturally acute eyesight. (SInv)
You can survive without breathing.


Message History

Your magical contamination has completely faded away.
Crazy Yiuf whimpers, "Snower testudinal sow!"
There is an open door here.
Things that are here:
a club; a hobgoblin skeleton Crazy Yiuf sings, "Trees, trees, trees, circus!"
Crazy Yiuf yells, "Hack!"
Crazy Yiuf says, "Ten down horse!"
There is an open door here.
Crazy Yiuf laughs, "Liver fast high!"
Casting: Ensorcelled Hibernation
Confirm with . or Enter, or press ? or * to list all spells.
Aiming: Ensorcelled Hibernation
Press: ? - help, Shift-Dir - straight line, f/p - Crazy Yiuf
Aim: Crazy Yiuf, wielding a quarterstaff of chaos and wearing an embroidered cloak (chance to defeat MR: 50%) Crazy Yiuf resists with almost no effort.
Crazy Yiuf hits you with a quarterstaff of chaos!
* * * LOW HITPOINT WARNING * * *
Crazy Yiuf burns you.
You die...

.....#......# #.....###.......#
.....#).....# #.....# #.......##
._..........# #.....# #.........
.....#.#'##.# #.....# #.......##
.....#.#..#.# #.......<.
....##)##.#.# #.......##
#.####......# #.......#
........##..############.......#
####....##.>>...@g....##.......#
##################.####+#####
#.# #.# #.# #.# ## #.# ...
#####'####... #............


You could see Crazy Yiuf.

Vanquished Creatures
  Terence (D:2)
  A worm (D:2)
  A dart slug (D:1)
  2 giant geckos (D:1)
  6 goblins
  5 hobgoblins
  2 jackals (D:2)
  A ball python (D:1)
  4 bats
  2 giant newts
  5 kobolds (D:1)
  7 rats
37 creatures vanquished.

Notes
Turn   | Place    | Note
--------------------------------------------------------------
     0 | D:1      | mistymad the Vampire Enchanter began the quest for the Orb.
     0 | D:1      | Reached XP level 1. HP: 13/13 MP: 3/3
   418 | D:1      | Reached XP level 2. HP: 20/20 MP: 5/5
   815 | D:1      | Learned a level 2 spell: Ensorcelled Hibernation
  1261 | D:1      | Reached skill level 5 in Stealth
  1326 | D:2      | Reached XP level 3. HP: 25/25 MP: 6/6
  1428 | D:2      | Found an iron altar of Okawaru.
  1639 | D:2      | Found a hide-covered altar of Uskayaw.
  1739 | D:2      | Noticed Terence
  1767 | D:2      | Killed Terence
  1767 | D:2      | Reached skill level 1 in Fighting
  1876 | D:2      | Noticed Crazy Yiuf
  1962 | D:2      | Slain by Crazy Yiuf

Vault maps used:
D:1:      saegor_arrival_under_anarchy
D:2:      old_standard_altar, ecumenical_altar_2, okawaru_metal_pillars_1_2,
          uniq_terence, uniq_crazy_yiuf_cottage

Skill      XL: |  1  2  3 |
---------------+----------+-----
Stealth        | 5 |  5.3
Short Blades   | 2 |  2.1
Fighting       | 1 |  1.0
Dodging        | |  2.5
Spellcasting   | |  2.3
Hexes          | |  4.7

Action                   || total
-------------------------++-------
Melee: Dagger            ||   136
       Bite              ||     8
 Cast: Corona            ||     7
       Ensorcelled Hiber ||     8
  Use: Potion            ||     2
 Stab: Sleeping          ||     9
Armor: Robe              ||    32
Dodge: Dodged            ||    95
